 Dungeon Crawl Stone Soup version 0.29-a0-299-g4c793a2ed2 (webtiles) character file.

Game seed: 8155227815058598517

12887 Dabor the Cleaver (level 12, -5/111 HPs)
             Began as a Hill Orc Monk on Mar 24, 2022.
             Was an Elder of Beogh.
             Slain by a cane toad (13 damage)
             ... on level 1 of the Lair of Beasts.
             The game lasted 00:29:48 (17096 turns).

Dabor the Cleaver (Hill Orc Monk)                  Turns: 17096, Time: 00:29:48

Health: -5/111     AC: 25    Str: 19    XL:     12   Next: 0%
Magic:  27/27      EV:  8    Int: 10    God:    Beogh [****..]
Gold:   701        SH:  5    Dex: 13    Spells: 11/11 levels left

rFire   + + .      SeeInvis .   m - +3 hand axe
rCold   + . .      Faith    .   (no shield)
rNeg    . . .      Spirit   .   J - +3 plate armour
rPois   +          Reflect  +   y - +0 helmet
rElec   +          Harm     .   A - +0 cloak
rCorr   +          Rampage  .   k - +0 pair of gloves of Kak Lyoz {rF+}
Will    .....                   (no boots)
Stlth   ..........              x - amulet of reflection
HPRegen 0.28/turn               h - +4 ring of protection
MPRegen 0.20/turn               j - ring of magical power

@: about to teleport, resistant
A: no striking features
a: Renounce Religion, Smiting, Recall Orcish Followers


You were on level 1 of the Lair of Beasts.
You worshipped Beogh.
Beogh was greatly pleased with you.
You visited 2 branches of the dungeon, and saw 12 of its levels.
You visited the Abyss 1 time.

You collected 888 gold pieces.
You spent 187 gold pieces at shops.

Inventory:

Hand Weapons
 a - a +0 vorpal hand axe
 m - a +3 hand axe (weapon)
Armour
 k - the +0 pair of gloves of Kak Lyoz (worn) {rF+}
   (You found it on level 6 of the Dungeon)

   rF:        It protects you from fire.
 w - a +0 troll leather armour
 y - a +0 helmet (worn)
 A - a +0 cloak (worn)
 H - the -3 cloak of Incorporation {Rampage Dex+5 SInv}
   (You found it on level 10 of the Dungeon)

   Dex:       It affects your dexterity (+5).
   SInv:      It lets you see invisible.
   Rampage:   It bestows one free step when moving towards enemies.
 J - a +3 plate armour (worn)
Jewellery
 h - a +4 ring of protection (left hand)
 j - a ring of magical power (right hand)
 o - the ring of the Blue Skies {Fire Fly}
   (You found it on level 3 of the Dungeon)

   [ring of fire]

   It enhances your fire magic.
   rF:        It protects you from fire.
   rC:        It makes you vulnerable to cold.
   Fly:       It grants you flight.
 x - an amulet of reflection (around neck)
Wands
 b - a wand of digging (3)
 v - a wand of polymorph (6)
 z - a wand of flame (24)
 I - a wand of acid (6)
Scrolls
 d - 2 scrolls of teleportation
 e - 2 scrolls of enchant armour
 l - a scroll of enchant weapon
 n - a scroll of fog
 r - 3 scrolls of blinking
 s - 2 scrolls of magic mapping
 D - 2 scrolls of identify
Potions
 f - a potion of invisibility
 p - a potion of lignification
 E - 2 potions of curing
 G - a potion of berserk rage {unknown}
 K - a potion of attraction {unknown}
 L - a potion of mutation {unknown}
Miscellaneous
 g - a phantom mirror


   Skills:
 * Level 11.7 Fighting
 * Level 12.7 Axes
 * Level 9.8 Armour
 + Level 6.2 Dodging
 - Level 2.8 Stealth
 + Level 8.1 Invocations
 + Level 3.4 Evocations


You had 11 spell levels left.
You didn't know any spells.
Your spell library contained the following spells:

 Spells                   Type           Power      Damage    Failure   Level
 Pain                     Necr           0%         1d4       100%        1
 Shock                    Conj/Air       0%         1d3       100%        1
 Passwall                 Tmut/Erth      0%         N/A       100%        2
 Sublimation of Blood     Necr           0%         N/A       100%        2
 Wereblood                Tmut           0%         N/A       100%        2
 Call Canine Familiar     Summ           0%         N/A       100%        3
 Portal Projectile        Hex/Tloc       0%         N/A       100%        3
 Swiftness                Air            0%         N/A       100%        3
 Airstrike                Air            0%         N/A       100%        4
 Animate Armour           Summ/Erth      0%         N/A       100%        4
 Fulminant Prism          Conj/Hex       0%         3d6       100%        4
 Iskenderun's Mystic Bla  Conj/Tloc      0%         2d3       100%        4
 Leda's Liquefaction      Hex/Erth       0%         N/A       100%        4
 Olgreb's Toxic Radiance  Pois           0%         N/A       100%        4
 Agony                    Necr           0%         N/A       100%        5
 Blade Hands              Tmut           0%         N/A       100%        5
 Borgnjor's Vile Clutch   Necr/Erth      0%         N/A       100%        5
 Excruciating Wounds      Necr           0%         N/A       100%        5
 Fireball                 Conj/Fire      0%         3d3       100%        5
 Iskenderun's Battlesphe  Conj           0%         2d6       100%        5
 Lee's Rapid Deconstruct  Erth           0%         3d5*      100%        5
 Conjure Ball Lightning   Conj/Air       0%         3x3d6     100%        6
 Iron Shot                Conj/Erth      0%         9d1       100%        6
 Orb of Destruction       Conj           0%         9d5       100%        7
 Ozocubu's Refrigeration  Ice            0%         4d5       100%        7
 Summon Hydra             Summ           0%         N/A       100%        7
 Ignition                 Fire           0%         3d3       100%        8


Dungeon Overview and Level Annotations

Branches:
Dungeon (11/15)            Temple (0/1) D:7            Lair (1/6) D:11
    Orc (0/2) D:10

Altars:
Yredelemnul

Shops:
D:3 !   D:11 (

Annotations:
Lair:1 Fannar


Message History

Your +3 plate armour unmelds from your body.
Fannar hits you but does no damage. Fannar freezes you.
* * * LOW HITPOINT WARNING * * *
The cane toad closely misses you.
You catch the helpless Fannar completely off-guard!
You hit Fannar but do no damage.
Fannar is moderately wounded.
You hit the cane toad.
You feel much better.
You flicker back into view.
The cane toad stings you! Fannar hits you but does no damage.
Fannar freezes you. The cane toad stings you.
* * * LOW HITPOINT WARNING * * *
As you read the scroll of teleportation, it crumbles to dust.
You feel strangely unstable. Fannar hits you but does no damage.
Fannar freezes you.
* * * LOW HITPOINT WARNING * * *
The cane toad barely misses you.
You barely miss Fannar.
Fannar is moderately wounded.
You hit the cane toad. Fannar hits you with a staff of cold.
* * * LOW HITPOINT WARNING * * *
Fannar freezes you!
* * * LOW HITPOINT WARNING * * *
The cane toad closely misses you.
You hit Fannar.
Fannar is moderately wounded.
You hit the cane toad.
Fannar gestures wildly while chanting.
The cane toad stings you but does no damage.
You hit Fannar but do no damage.
Fannar is moderately wounded.
You hit the cane toad. Fannar hits you with a staff of cold.
* * * LOW HITPOINT WARNING * * *
Fannar freezes you.
* * * LOW HITPOINT WARNING * * *
You slash Fannar!
Fannar is heavily wounded.
You hit the cane toad but do no damage. The cane toad stings you!
You die...

(. #(# # ##... ##..
.#.... ...## #....
....### #...#
....P.. #...#
##..F.... ###..#
###F# #.#.######e@##
#...#.#..Y...#### #
##^##.#.......Y..#
..
##...###..........#
P..
#.#...#......##...#
...
#.............####.#
..# #.
#.#............. ...
...####
#.####...#....#.[
#.. ....... ###.##
#P###...>.... #.
...##.


You could see Fannar, a cane toad and 2 ice beasts.

Vanquished Creatures
  A centaur warrior (D:10)
  Erica (D:7)
  A two-headed ogre (D:9)
  A wizard (D:7)
  A manticore (D:11)
  Maurice (D:11)
  A black mamba (Lair:1)
  A cane toad (Lair:1)
  Maggie (D:6)
  A troll (D:11)
  Prince Ribbit (D:6)
  3 yaks (D:9)
  A wraith (D:10)
  Grum (D:11)
  4 orc warriors
  A swamp drake (D:10)
  A sky beast (D:6)
  2 black bears
  4 wolves (D:11)
  An ogre (D:5)
  2 centaurs
  A kobold brigand (D:4)
  4 bullfrogs
  3 necrophages
  A scorpion (D:4)
  12 wights
  13 killer bees
  6 howler monkeys
  A jelly (D:6)
  3 hounds
  A gnoll shaman (D:6)
  4 orc priests
  Crazy Yiuf (D:6)
  2 iguanas
  8 orc wizards
  5 gnolls
  6 adders
  2 white imps
  2 worms
  2 dart slugs
  32 orcs
  8 ball pythons
  3 bats
  9 endoplasms
  4 giant cockroaches
  4 goblins
  10 hobgoblins
  16 kobolds
  2 quokkas
  4 frilled lizards
  4 rats
204 creatures vanquished.

Vanquished Creatures (collateral kills)
  A boulder beetle (D:11)
  A hydra (D:11)
  The ghost of ensis the Grappler, a novice TrMo of Trog (D:11)
  The ghost of Tutankhamun the Geomancer, a journeyman GrEE of Vehumet (D:10)
  A deep troll earth mage (D:10)
  Amaemon (D:11)
  Nergalle (D:11)
  A gargoyle (D:11)
  An orange demon (D:11)
  A hornet (D:9)
  A vampire (D:11)
  3 yaks
  A black bear (D:7)
  2 kobold brigands
  A gnoll sergeant (D:9)
  A scorpion (D:11)
  7 killer bees
  4 howler monkeys
  A jelly (D:7)
  2 orc priests
  2 orc wizards (D:9)
  3 gnolls (D:9)
  5 orcs
  A kobold (D:9)
44 creatures vanquished.

Vanquished Creatures (others)
  An orc sorcerer (D:11)
  4 orc priests
  4 orc warriors
  4 orc wizards
  14 orcs
  14 fungi
  15 plants
56 creatures vanquished.

Grand Total: 304 creatures vanquished

Notes
Turn   | Place    | Note
-------+----------+-------------------------------------------
     0 | D:1      | Dabor the Hill Orc Monk began the quest for the Orb.
     0 | D:1      | Reached XP level 1. HP: 19/19 MP: 1/1
   340 | D:1      | Reached XP level 2. HP: 22/27 MP: 2/2
   740 | D:1      | Reached XP level 3. HP: 27/33 MP: 3/3
   978 | D:1      | Found a faded altar of an unknown god.
  2177 | D:2      | Reached XP level 4. HP: 40/40 MP: 4/4
  2505 | D:3      | Identified the ring of the Blue Skies {Fire Fly}
  2646 | D:3      | Found Arasuoqe's Distillery.
  2653 | D:3      | Bought a potion of might for 44 gold pieces
  2653 | D:3      | Bought a potion of curing for 33 gold pieces
  2653 | D:3      | Bought a potion of haste for 110 gold pieces
  2663 | D:3      | Became a worshipper of Beogh the Brigand
  2663 | D:3      | Reached * piety under Beogh
  2663 | D:3      | Reached ** piety under Beogh
  3232 | D:3      | Noticed a centaur
  3659 | D:4      | Noticed a kobold brigand
  3668 | D:4      | HP: 2/41 [poisoned by a kobold brigand]
  3671 | D:4      | Killed a kobold brigand
  3672 | D:4      | Reached skill level 5 in Axes
  3672 | D:4      | Reached XP level 5. HP: 11/47 MP: 5/5
  4481 | D:4      | Found a basalt altar of Yredelemnul.
  4666 | D:4      | Reached skill level 5 in Fighting
  4666 | D:4      | Reached skill level 1 in Armour
  4666 | D:4      | Reached XP level 6. HP: 56/56 MP: 6/6
  4754 | D:4      | Reached skill level 1 in Invocations
  5205 | D:5      | Entered Level 5 of the Dungeon
  5660 | D:5      | Reached skill level 6 in Axes
  5766 | D:5      | Reached XP level 7. HP: 45/61 MP: 8/8
  7098 | D:6      | HP: 2/63 [orc warrior/+0 battleaxe (17)]
  7124 | D:6      | Reached skill level 7 in Axes
  7124 | D:6      | Reached XP level 8. HP: 12/71 MP: 10/10
  7492 | D:6      | Noticed Maggie
  7508 | D:6      | Killed Maggie
  7905 | D:6      | Noticed Prince Ribbit
  7929 | D:6      | Killed Prince Ribbit
  7930 | D:6      | Reached skill level 8 in Axes
  7930 | D:6      | Reached skill level 5 in Armour
  8288 | D:6      | Reached XP level 9. HP: 73/79 MP: 12/12
  8464 | D:6      | Identified the +0 pair of gloves of Kak Lyoz {rF+}
  8609 | D:6      | Reached *** piety under Beogh
  8781 | D:6      | Found a runed translucent door.
  8782 | D:6      | Noticed Crazy Yiuf
  8790 | D:6      | Killed Crazy Yiuf
  9086 | D:7      | Noticed a wizard
  9099 | D:7      | Cast into level 2 of the Abyss (a wizard)
  9109 | D:7      | Escaped the Abyss
  9122 | D:7      | Killed a wizard
  9123 | D:7      | Reached skill level 9 in Axes
  9172 | D:7      | Found a staircase to the Ecumenical Temple.
  9588 | D:8      | Noticed Erica
  9621 | D:7      | Killed Erica
  9622 | D:7      | Reached skill level 5 in Invocations
 10198 | D:8      | Reached XP level 10. HP: 89/91 MP: 14/14
 10272 | D:8      | Reached skill level 10 in Axes
 10272 | D:8      | Reached skill level 5 in Dodging
 10643 | D:8      | Got the Volume of the Rocks and Changing
 11236 | D:9      | Reached **** piety under Beogh
 11895 | D:9      | Noticed a two-headed ogre
 11905 | D:9      | Killed a two-headed ogre
 11906 | D:9      | Reached skill level 10 in Fighting
 11906 | D:9      | Reached skill level 11 in Axes
 12079 | D:9      | Reached skill level 1 in Evocations
 12079 | D:9      | Gained Hawl as an ally
 12602 | D:10     | Entered Level 10 of the Dungeon
 12680 | D:10     | Noticed a deep troll earth mage
 12700 | D:10     | Killed a deep troll earth mage
 12701 | D:10     | Reached XP level 11. HP: 23/101 MP: 16/16
 12717 | D:10     | Your ally Hawl died
 13287 | D:10     | Found a staircase to the Orcish Mines.
 13543 | D:10     | Gained Bogric as an ally
 13573 | D:10     | Found a runed translucent door.
 13574 | D:10     | Noticed Tutankhamun's ghost (journeyman GrEE)
 13574 | D:10     | Noticed a centaur warrior
 13601 | D:10     | Killed a centaur warrior
 13615 | D:10     | Killed Tutankhamun's ghost
 13618 | D:10     | Identified the -3 cloak of Incorporation {Rampage Dex+5
                  | SInv}
 13915 | D:11     | Found Jyigoz's Weapon Emporium.
 13990 | D:11     | Noticed Maurice
 14003 | D:11     | Killed Maurice
 14032 | D:11     | Noticed a manticore
 14052 | D:11     | Killed a manticore
 14191 | D:11     | Noticed Grum
 14225 | D:11     | Killed Grum
 14226 | D:11     | Reached skill level 12 in Axes
 14755 | D:11     | Noticed a seven-headed hydra
 14768 | D:11     | Noticed ensis's ghost (novice TrMo)
 14814 | D:11     | Noticed Nergalle
 14829 | D:11     | Killed Nergalle
 15059 | D:11     | Found a runed translucent door.
 15095 | D:11     | Killed ensis's ghost
 15121 | D:11     | Noticed a boulder beetle
 15323 | D:11     | Killed a boulder beetle
 15480 | D:11     | Killed an 11-headed hydra
 15672 | D:11     | Found a staircase to the Lair.
 15824 | D:11     | Noticed Amaemon
 15841 | D:11     | Killed Amaemon
 16332 | D:11     | Noticed a skeletal warrior
 16333 | D:11     | Noticed a skeletal warrior
 16346 | D:11     | Your ally Bogric died
 16787 | Lair:1   | Entered Level 1 of the Lair of Beasts
 17016 | Lair:1   | Noticed Fannar
 17031 | Lair:1   | Reached XP level 12. HP: 111/111 MP: 18/18
 17096 | Lair:1   | Slain by a cane toad

Illustrated notes

Levels and vault maps discovered:
D:1:      saegor_arrival_simple_b, layout_basic, shapermc_ecumenical_altar_venn
D:2:      layout_basic
D:3:      layout_basic, serial_shops, nicolae_shop_trees, corexii_corridor_pit,
          lightli_corner_chamber
D:4:      layout_basic, mainiacjoe_overflow_six_doors_small,
          serial_corexii_hall, corexii_hall_statues_t, corexii_hall_statues_x
D:5:      layout_basic
D:6:      layout_basic, uniq_crazy_yiuf_cottage, uniq_maggie,
          uniq_prince_ribbit1
D:7:      cheibrodos_wizards_tower, layout_basic, minmay_temple_entry_offerings
D:8:      lemuel_ice_spiral_2, layout_basic, uniq_erica
D:9:      layout_irregular_city
D:10:     layout_small_grid, erik_orc_1, ebering_ghost_inner_flame,
          palyth_stone_intersect, kennysheep_just_a_vault
D:11:     layout_stronghold, grunt_lair_entry_orc_guard_hut, serial_shops, shop,
          hellmonk_ghost_happy_afterlife, uniq_maurice, uniq_amaemon, uniq_grum,
          uniq_nergalle
Lair:1:   layout_misc_corridors, grunt_megastairs_1, uniq_fannar

Skill      XL: |  1  2  3  4  5  6  7  8  9 10 11 |
---------------+----------------------------------+-----
Fighting       | 4 5 6 7 9 10 11 | 11.7
Stealth        | 2 |  2.8
Dodging        | 3 4 5 6 |  6.2
Axes           | 5 6 7 8 9 11 12 | 12.7
Armour         | 1 2 3 5 6 8 9 |  9.8
Invocations    | 1 2 4 5 6 8 |  8.1
Evocations     | 1 3 |  3.4

Action                   |  1- 3 |  4- 6 |  7- 9 | 10-12 || total
-------------------------+-------+-------+-------+-------++-------
Melee: Hand axe          |   127 |   206 |   281 |   577 ||  1191
       Punch             |     1 |       |     3 |     9 ||    13
       Unarmed           |       |       |     5 |       ||     5
Throw: Dart              |       |    12 |    17 |    12 ||    41
       Javelin           |       |       |    25 |    39 ||    64
Invok: Convert to Beogh  |       |     1 |       |       ||     1
       Smiting           |       |       |     2 |     1 ||     3
       Recall Orcish Fol |       |       |       |     2 ||     2
  Use: Potion            |     2 |     4 |     6 |    13 ||    25
       Scroll            |       |     8 |     4 |     6 ||    18
 Stab: Sleeping          |     6 |     3 |     3 |       ||    12
       Distracted        |       |       |       |     2 ||     2
       Invisible         |       |       |       |    10 ||    10
Armor: Robe              |    17 |       |       |       ||    17
       Ring mail         |    11 |    97 |    20 |       ||   128
       Steam dragon scal |       |       |    57 |    79 ||   136
       Skin              |       |       |     2 |     3 ||     5
       Plate armour      |       |       |       |   138 ||   138
       Troll leather arm |       |       |       |    28 ||    28
Dodge: Dodged            |    86 |    93 |   143 |   260 ||   582
Block: Other             |       |       |    54 |   117 ||   171
       Reflection        |       |       |     1 |     3 ||     4

Table legend: (Time is in decaauts)
 A = Elapsed time spent in this place.
 B = Non-inter-level travel time spent in this place.
 C = Inter-level travel time spent in this place.
 D = Time resting spent in this place.
 E = Time spent auto-exploring this place.
 F = Levels seen in this place.
 G = Mean time per level.
                   A        B        C        D        E       F      G
               +--------+--------+--------+--------+--------+-----+--------+
         Total |  17004 |  16289 |    715 |   3035 |  10371 |  13 | 1308.0 |
       Dungeon |  16704 |  15990 |    714 |   3035 |  10155 |  11 | 1518.5 |
          Lair |    290 |    290 |      0 |      0 |    216 |   1 |  290.0 |
         Abyss |      9 |      9 |      0 |      0 |      0 |   1 |    9.0 |
               +--------+--------+--------+--------+--------+-----+--------+

Top non-repeatable levels by time:
    D:11: 2606 daAuts
     D:6: 2094 daAuts
     D:9: 1973 daAuts
     D:4: 1649 daAuts
     D:5: 1572 daAuts
     D:1: 1262 daAuts
     D:2: 1175 daAuts
     D:8: 1147 daAuts
     D:3: 1139 daAuts
    D:10: 1128 daAuts
     D:7: 954 daAuts
  Lair:1: 290 daAuts
 Abyss:2: 9 daAuts
